 Dungeon Crawl Stone Soup version 0.23-a0-358-g98c7a59 (webtiles) character file.

1908 MisterFreud the Grappler (level 8, -1/74 HPs)
             Began as a Troll Monk on Oct 22, 2018.
             Was a High Priest of Cheibriados.
             Slain by an ogre
             ... wielding a +0 giant club
              (17 damage)
             ... on level 7 of the Dungeon.
             The game lasted 00:08:59 (4288 turns).

MisterFreud the Grappler (Troll Monk)               Turns: 4288, Time: 00:09:00

Health: -1/74      AC:  5    Str: 31    XL:     8   Next: 94%
Magic:  11/11      EV: 12    Int: 19    God:    Cheibriados [*****.]
Gold:   355        SH:  0    Dex: 23    Spells: 7/7 levels left

rFire    . . .     SeeInvis .     - Unarmed
rCold    . . .     Gourm    +   (no shield)
rNeg     . . .     Faith    .   a - +0 robe
rPois    .         Spirit   .   (helmet restricted)
rElec    .         Reflect  .   (no cloak)
rCorr    +         Harm     .   (gloves unavailable)
MR       .....                  (boots unavailable)
Stlth    ++........             (no amulet)
HPRegen  0.62/turn              d - ring of resist corrosion
MPRegen  0.12/turn              (no ring)

@: lethally poisoned (-1 -> -1), slowed, very slow
A: large, unfitting armour, claws 3, fast metabolism 3, gourmand, regeneration
1, shaggy fur 1, tough skin 2
a: Bend Time, Temporal Distortion, Slouch, Step From Time, Renounce Religion


You were on level 7 of the Dungeon.
You worshipped Cheibriados.
Cheibriados was extremely pleased with you.
You were not hungry.

You visited 1 branch of the dungeon, and saw 7 of its levels.

You collected 355 gold pieces.

Inventory:

Missiles
 c - 169 stones (quivered)
Armour
 a - a +0 robe (worn)
Jewellery
 d - a ring of resist corrosion (left claw)
Wands
 n - a wand of paralysis (13)
Scrolls
 e - 3 scrolls of identify
 i - 3 scrolls of remove curse
 j - 3 scrolls of enchant weapon
 k - 2 scrolls of teleportation
 l - a scroll of magic mapping
 q - a scroll of amnesia {unknown}
 t - a scroll of vulnerability {unknown}
Potions
 f - 4 potions of might
 h - a potion of flight
 m - a potion of ambrosia
 o - a potion of cancellation
 p - a potion of mutation
 r - a potion of magic
Comestibles
 b - 12 rations


   Skills:
 - Level 2.4 Fighting
 + Level 2.5 Throwing
 + Level 3.5 Dodging
 - Level 1.0 Stealth
 + Level 8.5 Unarmed Combat
 - Level 6.5 Invocations


You had 7 spell levels left.
You didn't know any spells.
Your spell library contained the following spells:

 Spells                   Type           Power        Failure   Level  Hunger
 Confusing Touch          Hex            #.....       21%         1    ##.....
 Confuse                  Hex            #.......     52%         3    ####...
 Gell's Gravitas          Tloc           #.........   52%         3    ####...
 Petrify                  Tmut/Erth      #.......     90%         4    #####..
 Metabolic Englaciation   Hex/Ice        #.........   99%         5    ######.
 Yara's Violent Unravell  Hex/Tmut       #.........   99%         5    ######.


Dungeon Overview and Level Annotations

Branches:
Dungeon (7/15)             Temple (0/1) D:6

Altars:
Cheibriados
Dithmenos
Elyvilon
Fedhas
Hepliaklqana
Nemelex Xobeh
Sif Muna
Vehumet

Shops:
D:6 [


Innate Abilities, Weirdness & Mutations

You are too large for most types of armour.
You have claws for hands.
Your metabolism is lightning-fast.
You like to eat raw meat.
Your natural rate of healing is unusually fast.
You are covered in fur. (AC +1)
You have very tough skin. (AC +2)


Message History

You kill the orc priest!
Cheibriados thoroughly appreciates the change of pace.
You feel sick. The orc hits you with a +0 hand axe.
You claw the orc!
You kill the orc!
Cheibriados thoroughly appreciates the change of pace.
You feel sick.
The ogre hits you with a +0 giant club!!
* * * LOW HITPOINT WARNING * * *
You feel much better.
You feel sick. The orc misses you. The ogre hits you with a +0 giant club!
* * * LOW HITPOINT WARNING * * *
You claw the ogre!
The ogre is moderately wounded.
The orc barely misses you. The ogre closely misses you.
You scratch the ogre.
The ogre is moderately wounded.
You feel sick. The orc barely misses you.
The ogre hits you with a +0 giant club!
You die...

..#<## ##...# #
..#.####...##
...).......#
########...# ##.##
########)# ###
#........###.. #
#.######...#.####.#
###.#.#O@o.#
#.#..###.# #.#.##
.# #..## .# #..# ..
#..# #. #...#
#....# #...#..


You could see an ogre and an orc.

Vanquished Creatures
  A hippogriff (D:6)
  A hungry ghost (D:7)
  An orc warrior (D:7)
  2 sky beasts (D:5)
  A black bear (D:7)
  3 ice beasts
  2 bullfrogs (D:6)
  A big kobold (D:7)
  A howler monkey (D:6)
  A crimson imp (D:6)
  A jelly (D:5)
  2 bullfrog skeletons
  A centaur skeleton (D:5)
  A hound (D:6)
  3 orc priests
  2 worker ants (D:4)
  An iguana (D:4)
  3 orc wizards
  13 gnolls
  8 adders
  An ooze (D:4)
  An adder zombie (D:5)
  3 worms
  4 dart slugs
  4 leopard geckos
  10 orcs
  2 ball pythons
  2 giant cockroaches
  6 goblins
  6 hobgoblins
  7 jackals
  16 kobolds
  3 quokkas
  4 bats
  4 frilled lizards
  A quokka skeleton (D:4)
  7 rats
130 creatures vanquished.

Notes
Turn   | Place    | Note
-------+----------+-------------------------------------------
     0 | D:1      | MisterFreud the Troll Monk began the quest for the Orb.
     0 | D:1      | Reached XP level 1. HP: 22/22 MP: 0/0
   111 | D:1      | Reached XP level 2. HP: 29/29 MP: 1/1
   279 | D:1      | Reached skill level 4 in Unarmed Combat
   685 | D:1      | Reached XP level 3. HP: 36/36 MP: 2/2
  1001 | D:2      | Found a white marble altar of Elyvilon.
  1002 | D:2      | Found a blossoming altar of Fedhas.
  1002 | D:2      | Found a sparkling altar of Nemelex Xobeh.
  1003 | D:2      | Found a snail-covered altar of Cheibriados.
  1004 | D:2      | Found a hazy altar of Hepliaklqana.
  1004 | D:2      | Found a radiant altar of Vehumet.
  1039 | D:2      | Became a worshipper of Cheibriados the Contemplative
  1039 | D:2      | Reached * piety under Cheibriados
  1039 | D:2      | Reached ** piety under Cheibriados
  1162 | D:2      | Reached XP level 4. HP: 39/44 MP: 3/3
  1164 | D:2      | Reached skill level 5 in Unarmed Combat
  1552 | D:3      | Reached XP level 5. HP: 50/50 MP: 4/4
  1714 | D:3      | Found a deep blue altar of Sif Muna.
  1762 | D:3      | Found a shadowy altar of Dithmenos.
  2068 | D:4      | Reached *** piety under Cheibriados
  2069 | D:4      | Reached skill level 6 in Unarmed Combat
  2280 | D:4      | Reached skill level 1 in Invocations
  2280 | D:4      | Reached XP level 6. HP: 57/59 MP: 5/5
  2737 | D:4      | Reached skill level 7 in Unarmed Combat
  2848 | D:5      | Entered Level 5 of the Dungeon
  2876 | D:5      | Reached **** piety under Cheibriados
  2901 | D:5      | Noticed an ice beast
  2902 | D:5      | Noticed a sky beast
  2911 | D:5      | Killed an ice beast
  2911 | D:5      | Reached XP level 7. HP: 56/66 MP: 6/8
  3037 | D:5      | Reached skill level 8 in Unarmed Combat
  3527 | D:6      | Found a staircase to the Ecumenical Temple.
  3646 | D:6      | Reached skill level 5 in Invocations
  3646 | D:6      | Reached XP level 8. HP: 63/74 MP: 10/10
  3749 | D:6      | Noticed a hippogriff
  3759 | D:6      | Killed a hippogriff
  3949 | D:6      | Found Esecsy's Armour Shoppe.
  4171 | D:7      | Reached skill level 1 in Throwing
  4241 | D:7      | Reached ***** piety under Cheibriados
  4288 | D:7      | Slain by an ogre

Vault maps used:
D:1:      dpeg_arrival_signposts
D:2:      grunt_temple_overflow_open, first_ration, kennysheep_generic_room_2
D:3:      nicolae_overflow_crystal_walls, lemuel_blue_sif_altar
D:5:      cheibrodos_quashed
D:6:      minmay_temple_entry_trees, serial_shops, shop, minmay_crossroads
D:7:      serial_shops, kennysheep_little_box, uniq_pikel

Skill      XL: |  1  2  3  4  5  6  7  8 |
---------------+-------------------------+-----
Unarmed Combat | 4 5 6 7 8 |  8.5
Invocations    | 1 2 5 6 |  6.5
Throwing       | 2 |  2.5
Dodging        | 3 |  3.5
Fighting       | |  2.4
Stealth        | |  1.0

Action                   |  1- 3 |  4- 6 |  7- 9 || total
-------------------------+-------+-------+-------++-------
Melee: Unarmed           |    96 |   126 |   119 ||   341
       Punch             |     1 |     4 |     7 ||    12
  Use: Scroll            |       |     7 |     6 ||    13
       Potion            |       |       |     2 ||     2
 Stab: Sleeping          |     2 |     6 |     3 ||    11
  Eat: Chunk             |    15 |    11 |    10 ||    36
Armor: Robe              |    41 |    43 |    30 ||   114
Dodge: Dodged            |    52 |    87 |    49 ||   188

Table legend:
 A = Non-vault XP
 B = Vault XP
 C = Vault XP percentage of total XP
 D = Non-vault monster count
 E = Vault monster count
 F = Vault count percentage of total count
                 A         B        C        D         E       F
            +---------+---------+-------+---------+---------+-------
      Total |    2584 |     143 |   5.2 |     126 |       4 |   3.1
            +---------+---------+-------+---------+---------+-------
        D:1 |      41 |       0 |   0.0 |      23 |       0 |   0.0
        D:2 |     130 |       2 |   1.5 |      24 |       2 |   7.7
        D:3 |      29 |       0 |   0.0 |       6 |       0 |   0.0
        D:4 |     378 |       0 |   0.0 |      31 |       0 |   0.0
        D:5 |     699 |       0 |   0.0 |      14 |       0 |   0.0
        D:6 |     622 |     141 |  18.5 |      10 |       2 |  16.7
        D:7 |     685 |       0 |   0.0 |      18 |       0 |   0.0
            +---------+---------+-------+---------+---------+-------
